 Dungeon Crawl Stone Soup version 0.27.0-1-g7a089689b8 (console) character file.

Game seed: 15222000636491255055

154 jejorda2 the Chopper (level 5, -6/46 HPs)
             Began as a Deep Dwarf Transmuter on Aug 1, 2021.
             Mangled by an ogre (14 damage)
             ... on level 4 of the Dungeon.
             The game lasted 00:07:35 (2134 turns).

jejorda2 the Chopper (Deep Dwarf Transmuter)        Turns: 2134, Time: 00:07:36

Health: -6/46      AC: 10    Str: 14    XL:     5   Next: 13%
Magic:  6/6        EV:  6    Int: 14    God:
Gold:   227        SH:  0    Dex: 13    Spells: 6/7 levels left

rFire    + . .     SeeInvis .   a - +0 war axe
rCold    . . .     Faith    .   (no shield)
rNeg     . . .     Spirit   .   c - +0 chain mail
rPois    .         Reflect  .   (no helmet)
rElec    .         Harm     .   (no cloak)
rCorr    .         Rampage  .   n - +0 pair of gloves
Will     .....                  (no boots)
Stlth    ..........             (no amulet)
HPRegen  0.00/turn              l - ring of protection from fire
MPRegen  0.10/turn              (no ring)

@: no status effects
A: damage resistance, heal wounds, sense surroundings 1, no regeneration
a: Heal Wounds


You were on level 4 of the Dungeon.
You visited 1 branch of the dungeon, and saw 4 of its levels.

You collected 227 gold pieces.

Inventory:

Hand Weapons
 a - a +0 war axe (weapon)
 d - a +0 whip
Missiles
 g - 4 javelins (quivered)
 h - 70 stones
 i - 4 poisoned darts
 m - 4 curare-tipped darts
Armour
 c - a +0 chain mail (worn)
 n - a +0 pair of gloves (worn)
Jewellery
 l - a ring of protection from fire (left hand)
Scrolls
 b - a scroll of acquirement {unknown}
 e - a scroll of enchant weapon {unknown}
 j - a scroll of vulnerability {unknown}
Potions
 f - a potion of heal wounds {unknown}
 k - a potion of haste {unknown}
 o - a potion of lignification {unknown}


   Skills:
 + Level 2.3 Fighting
 * Level 3.3(3.4) Axes
 - Level 0.9(2.1) Maces & Flails
 + Level 2.4 Armour
 - Level 2.1 Dodging
 - Level 2.6 Unarmed Combat
 - Level 1.7 Spellcasting
 - Level 1.7 Transmutations


You had 6 spell levels left.
You knew the following spells:

 Your Spells              Type           Power      Damage    Failure   Level
a - Beastly Appendage     Tmut           12%        N/A       97%         1

Your spell library contained the following spells:

 Spells                   Type           Power      Damage    Failure   Level
 Wereblood                Tmut           6%         N/A       99%         2
 Static Discharge         Conj/Air       1%         N/A       100%        2
 Spider Form              Tmut/Pois      1%         N/A       100%        3
 Dispel Undead            Necr           1%         3d6       100%        4
 Ice Form                 Ice/Tmut       3%         N/A       100%        4
 Sticky Flame             Conj/Fire      1%         2d3       100%        4
 Chain Lightning          Conj/Air       0%         2d1       100%        9
 Fire Storm               Conj/Fire      0%         6d1       100%        9


Dungeon Overview and Level Annotations

Branches:
Dungeon (4/15)
 Temple: D:4-7

Altars:
Okawaru
Xom
Zin

Shops:
D:2 (


Innate Abilities, Weirdness & Mutations

You are resistant to damage.
You can heal yourself by infusing magical energy.
You passively map a small area around you.
You do not regenerate.


Message History

Found a stone staircase leading down.
Found 20 arrows.
Found a club.
o - a metallic blue potion An ogre comes into view.
It is wielding a +0 giant club.
The ogre shouts!
Throw: 7 javelins
Press: ? - help, Q - select action, (/) - cycle Shift-Dir - straight line, f - ogre
Aim: an ogre, wielding a +0 giant club (72% to hit)
You throw a javelin. The javelin pierces through the ogre!
The ogre is heavily wounded.
Throw: 6 javelins
Press: ? - help, Q - select action, (/) - cycle Shift-Dir - straight line, f/p - ogre
Aim: an ogre, wielding a +0 giant club (heavily wounded, 72% to hit)
You throw a javelin. The javelin barely misses the ogre.
Throw: 5 javelins
Press: ? - help, Q - select action, (/) - cycle Shift-Dir - straight line, f/p - ogre
Aim: an ogre, wielding a +0 giant club (heavily wounded, 72% to hit)
You throw a javelin. The javelin barely misses the ogre.
The ogre hits you with a +0 giant club!
You completely miss the ogre.
The ogre is heavily wounded.
The ogre hits you with a +0 giant club!
You slash the ogre!
The ogre is almost dead.
The ogre hits you with a +0 giant club!
* * * LOW HITPOINT WARNING * * *
You barely miss the ogre.
The ogre is almost dead.
The ogre hits you with a +0 giant club.
You barely miss the ogre.
The ogre is almost dead.
The ogre closely misses you.
You barely miss the ogre.
The ogre is severely wounded.
The ogre barely misses you.
You completely miss the ogre.
The ogre is severely wounded.
The ogre hits you with a +0 giant club!
You die...

#..........#
#.......)..#
#..........#
##........####
#.(..........##
#.............#
#...........#.#########
#......................
, ,
##...........#..@######
###..............O......
# #.....................
*
###.##.##..............(
*
.......................(
###.##..................
# #.###.................
, # #.#
*.#........####### # #.#
*.#... , * ,


You could see an ogre.

Vanquished Creatures
  An orc wizard (D:3)
  8 adders
  A dart slug (D:2)
  4 orcs (D:3)
  3 ball pythons
  3 bats
  3 endoplasms
  A giant cockroach (D:1)
  A hobgoblin (D:3)
  6 jackals
  4 kobolds
  3 quokkas
  2 frilled lizards (D:1)
  6 goblins
  4 rats
50 creatures vanquished.

Notes
Turn   | Place    | Note
-------+----------+-------------------------------------------
     0 | D:1      | jejorda2 the Deep Dwarf Transmuter began the quest for the
                  | Orb.
     0 | D:1      | Reached XP level 1. HP: 16/16 MP: 3/3
    49 | D:1      | Reached skill level 1 in Fighting
   312 | D:1      | Reached XP level 2. HP: 18/25 MP: 4/4
   454 | D:1      | Reached skill level 1 in Armour
   742 | D:2      | Found Suir's Antique Weapon Shop.
   769 | D:2      | Reached skill level 1 in Axes
   773 | D:2      | Found an iron altar of Okawaru.
   823 | D:2      | Reached XP level 3. HP: 14/31 MP: 5/5
   999 | D:2      | Reached skill level 2 in Axes
  1007 | D:2      | Found a faded altar of an unknown god.
  1204 | D:2      | Reached XP level 4. HP: 24/39 MP: 6/6
  1785 | D:3      | Found a shimmering altar of Xom.
  1804 | D:3      | Noticed an angel
  1805 | D:3      | Found a glowing silver altar of Zin.
  1819 | D:3      | Reached skill level 3 in Axes
  1926 | D:3      | Reached XP level 5. HP: 24/46 MP: 7/7
  2125 | D:4      | Noticed an ogre
  2134 | D:4      | Mangled by an ogre

Illustrated notes

Levels and vault maps discovered:
D:1:      scummos_arrival_forest, layout_loops_ring
D:2:      layout_basic, basic_altar, hellmonk_ecumenical_altar_blasted,
          serial_shops, shop
D:3:      layout_rooms, grunt_temple_overflow_order_and_chaos_1
D:4:      layout_rooms, mainiacjoe_overflow_concentric_impassable,
          ebering_ghost_rock_garden

Skill      XL: |  1  2  3  4 |
---------------+-------------+-----
Fighting       | 1 2 |  2.3
Armour         | 1 2 |  2.4
Axes           | 1 2 3 |  3.3
Maces & Flails | |  0.9
Dodging        | |  2.1
Unarmed Combat | |  2.6
Spellcasting   | |  1.7
Transmutations | |  1.7

Action                   |  1- 3 |  4- 6 || total
-------------------------+-------+-------++-------
Melee: Unarmed           |    79 |       ||    79
       Whip              |    81 |    10 ||    91
       Punch             |     2 |       ||     2
       War axe           |       |   113 ||   113
Throw: Stone             |     6 |     4 ||    10
       Javelin           |       |     3 ||     3
 Abil: Heal Wounds       |     1 |     2 ||     3
Armor: Chain mail        |   106 |    91 ||   197
       Robe              |     2 |       ||     2
Dodge: Dodged            |    54 |    43 ||    97
